 Dungeon Crawl Stone Soup version 0.32-a0-859-gb0a091d592 (webtiles) character file.

Game seed: 14151402922382106161

16587 Newt the Fighter (level 12, -8/102 HPs)
             Began as a Demonspawn Gladiator on Mar 27, 2024.
             Was an Elder of Makhleb.
             Incinerated by a deep elf pyromancer (10 damage)
             ... with a pyre arrow
             ... on level 12 of the Dungeon.
             The game lasted 00:18:08 (12755 turns).

Newt the Fighter (Demonspawn Gladiator)            Turns: 12755, Time: 00:18:08

Health: -8/102     AC: 12    Str: 22    XL:     12   Next: 11%
Magic:  12/12      EV: 14    Int:  8    God:    Makhleb [****..]
Gold:   914        SH:  0    Dex: 18    Spells: 11/11 levels left

rFire   . . .        R - +5 war axe (protect)
rCold   + . .        (no shield)
rNeg    . . .        O - +0 troll leather armour
rPois   .            Z - +0 helmet "Dabomiun" {Str+5}
rElec   .            (no cloak)
rCorr   .            (gloves unavailable)
SInv    .            j - +0 pair of boots
Will    .....        (no amulet)
Stlth   ++           i - +4 ring of slaying
HPRegen 1.17/turn    G - ring of protection from cold
MPRegen 0.26/turn

%: no passive effects
@: on fire, under a protective aura, glowing, studying Polearms
A: magic regeneration, sturdy frame 2, demonic magic 1, demonic touch 3
a: Renounce Religion, Minor Destruction, Lesser Servant of Makhleb, Major
Destruction


You were on level 12 of the Dungeon.
You worshipped Makhleb.
Makhleb was greatly pleased with you.
You visited 2 branches of the dungeon, and saw 13 of its levels.
You also visited: Gauntlet.

You collected 914 gold pieces.

Inventory:

Hand Weapons
 a - a +0 rapier
 f - a +0 war axe of flaming
 x - a +5 war axe
 R - a +5 war axe of protection (weapon)
Missiles
 t - 4 javelins
 y - 2 throwing nets (quivered)
 L - 37 poisoned darts
 X - 2 boomerangs
Armour
 b - a +0 leather armour
 c - a +0 helmet
 d - a +0 cloak
 e - a +1 helmet of see invisible
 j - a +0 pair of boots (worn)
 E - a +2 leather armour of willpower
 O - a +0 troll leather armour (worn)
 U - a +1 chain mail of cold resistance
 Z - the +0 helmet "Dabomiun" (worn) {Str+5}
   (You found it in a Gauntlet)

   Str+5:     It affects your strength (+5).
Jewellery
 i - a +4 ring of slaying (left hand)
 G - a ring of protection from cold (right hand)
 T - a ring of resist corrosion
Wands
 q - a wand of iceblast (18)
 H - a wand of flame (20)
 K - a wand of charming (12)
Scrolls
 g - a scroll of silence
 k - 6 scrolls of fear
 n - 6 scrolls of teleportation
 o - 2 scrolls of butterflies
 p - 2 scrolls of immolation
 s - a scroll of vulnerability
 w - a scroll of revelation {unknown}
 z - 2 scrolls of noise
 D - a scroll of amnesia
 F - a scroll of enchant armour
 M - 3 scrolls of fog
 V - a scroll of poison
 Y - a scroll of torment
Potions
 h - a potion of haste
 l - 4 potions of curing
 m - a potion of ambrosia
 r - 2 potions of attraction
 u - a potion of might
 A - 2 potions of brilliance {unknown}
 B - a potion of enlightenment {unknown}
 C - 3 potions of mutation
 I - 2 potions of lignification
 J - a potion of resistance {unknown}
 P - a potion of berserk rage {unknown}
 Q - 2 potions of invisibility {unknown}
 W - a potion of heal wounds {unknown}
Miscellaneous
 v - a condenser vane


   Skills:
 + Level 11.8 Fighting
 - Level 5.1 Short Blades
 - Level 8.0 Axes
 - Level 5.1 Throwing
 * Level 2.6 Armour
 - Level 6.3 Dodging
 - Level 7.0 Stealth
 - Level 6.0 Evocations


You had 11 spell levels left.
You didn't know any spells.
Your spell library contained the following spells:

 Spells                   Type           Power      Damage    Failure   Level
 Magic Dart               Conj           0%         1d3       41%         1
 Shock                    Conj/Air       0%         1d3       41%         1
 Blink                    Tloc           0%         N/A       54%         2
 Call Imp                 Summ           0%         N/A       54%         2
 Ensorcelled Hibernation  Hex/Ice        0%         N/A       54%         2
 Fugue of the Fallen      Necr           0%         N/A       78%         3
 Passwall                 Erth           0%         N/A       78%         3
 Stone Arrow              Conj/Erth      0%         3d7       78%         3
 Summon Ice Beast         Ice/Summ       0%         N/A       78%         3
 Swiftness                Air            0%         N/A       78%         3
 Teleport Other           Tloc           0%         N/A       78%         3
 Volatile Blastmotes      Fire/Tloc      0%         2d10      78%         3
 Airstrike                Air            0%         2d(0-16)  99%         4
 Anguish                  Hex/Necr       0%         N/A       99%         4
 Animate Armour           Summ/Erth      0%         N/A       99%         4
 Vhi's Electric Charge    Tloc/Air       0%         N/A       99%         4
 Summon Mana Viper        Hex/Summ       0%         N/A       100%        5
 Bombard                  Conj/Erth      0%         9d1       100%        6
 Dispersal                Tloc           0%         N/A       100%        6
 Gell's Gavotte           Tloc           0%         2d(11-16) 100%        6
 Monstrous Menagerie      Summ           0%         N/A       100%        7
 Lehudib's Crystal Spear  Conj/Erth      0%         10d2      100%        8


Dungeon Overview and Level Annotations

Branches:
Dungeon (12/15)            Temple (1/1) D:4            Lair (0/5) D:10
    Orc (0/2) D:11        Gauntlet (visited)

Altars:
Ashenzari
Cheibriados
Dithmenos
Fedhas
Gozag
Hepliaklqana
Kikubaaqudgha
Makhleb
Nemelex Xobeh
Okawaru
Qazlal
Ru
Sif Muna
Trog
Uskayaw
Vehumet
Wu Jian
Xom
Yredelemnul
Beogh

Shops:
D:9 :   D:12 *


Innate Abilities, Weirdness & Mutations

You regenerate magic rapidly.
Your movements are less encumbered by armour. (ER -4)
Spells you cast may paralyse adjacent enemies.
Your touch may irresistibly damage your foes and sap their willpower.


Message History

The deep elf pyromancer is severely wounded.
The liquid fire burns you!
The deep elf pyromancer casts a spell.
The deep elf pyromancer blinks!
Unknown command.
Unknown command.
Throw: 5 javelins
Press: ? - help, Shift-Dir - straight line, f - two-headed ogre
Aim: a two-headed ogre, wielding a +0 dire flail and a +0 giant spiked club (81% to hit)
You throw a javelin.
The javelin pierces through the deep elf pyromancer.
The deep elf pyromancer is severely wounded.
The javelin barely misses the two-headed ogre.
The liquid fire burns you!
The deep elf pyromancer casts a spell at you.
The bolt of fire hits you!
The bolt of fire hits the fire elemental.
The fire elemental completely resists.
The fire elemental hits you. The fire elemental burns you!
The deep elf pyromancer points at you and mumbles some strange words.
The bolt of fire hits you!
The bolt of fire hits the fire elemental.
The fire elemental completely resists.
The fire elemental hits you. The fire elemental burns you!
* * * LOW HITPOINT WARNING * * *
The fire elemental misses you.
Unknown command.
You feel better. The liquid fire burns you!
* * * LOW HITPOINT WARNING * * *
The fire elemental hits you.
* * * LOW HITPOINT WARNING * * *
The fire elemental burns you!
* * * LOW HITPOINT WARNING * * *
The fire elemental barely misses you.
Blink to where?
Press: ? - help, Dir - move target, p - two-headed ogre
As you read the scroll of blinking, it crumbles to dust.
The liquid fire burns you!
You die...

. .##.....)####### .#
......####)......##.#######...#
#.###.....#####.##.#..........
..........#####.#..........?).
.##.........##.#..#...≈....C .
#..<...##.##.#........... ..
#............#....∩...# ..#
#.####.##.##.#........# ....
... #.##..@...°§.EO≈.#...# ##.
.........#...E§.e.(..(# ..
##.###.#.#.#########.## ##
........ ###....... ##..##...
#..# .... #..# ...##


You could see 2 fire elementals.

Vanquished Creatures
  A minotaur (Gauntlet)
  Harold (D:9)
  Amaemon (D:9)
  An orange crystal statue (Gauntlet)
  Pikel (D:4)
  A cyclops (D:12)
  A manticore (D:11)
  A gargoyle (D:11)
  An orange demon (D:9)
  3 unseen horrors
  A rime drake (D:10)
  A komodo dragon (D:10)
  Psyche (D:10)
  2 tengu conjurers (Gauntlet)
  A troll (D:11)
  2 hornets (D:10)
  Prince Ribbit (D:9)
  A slime creature (D:12)
  4 shadows
  12 yaks
  2 vampires (D:11)
  Eustachio (D:4)
  A steam dragon (D:10)
  A wraith (D:11)
  A vampire mosquito (D:10)
  An acid dragon (D:8)
  6 small abominations (Gauntlet)
  A water moccasin (D:8)
  3 orc warriors
  Duvessa (D:5)
  8 ice beasts
  2 black bears
  2 centaurs
  A sky beast (D:7)
  A wolf (D:10)
  A lemure (D:4)
  A phantom (D:4)
  5 kobold brigands
  2 bullfrogs
  A scorpion (D:5)
  A gnoll sergeant (D:10)
  Dowan (D:5)
  17 wights
  12 killer bees
  3 howler monkeys (D:12)
  2 vampire bats (D:10)
  2 jellies (D:4)
  5 orc priests
  2 bombardier beetles
  4 hounds
  Crazy Yiuf (D:4)
  Ijyb (D:3)
  3 iguanas
  12 orc wizards
  Robin (D:4)
  11 adders
  15 gnolls
  2 white imps
  2 ufetubi (D:5)
  5 ribbon worms
  2 dart slugs
  19 orcs
  9 ball pythons
  8 endoplasms
  2 giant cockroaches
  11 goblins
  15 hobgoblins
  6 quokkas
  11 bats
  A frilled lizard (D:3)
  18 kobolds
  3 rats (D:1)
287 creatures vanquished.

Vanquished Creatures (others)
  A tengu warrior (Gauntlet)
1 creature vanquished.

Grand Total: 288 creatures vanquished

Notes
Turn   | Place    | Note
-------+----------+-------------------------------------------
     0 | D:1      | Newt the Demonspawn Gladiator began the quest for the Orb.
     0 | D:1      | Reached XP level 1. HP: 16/16 MP: 1/1
    37 | D:1      | Gained mutation: Your movements are slightly less
                  | encumbered by armour. (ER -2) [demonic ancestry]
    37 | D:1      | Reached XP level 2. HP: 5/22 MP: 2/2
   493 | D:1      | Reached XP level 3. HP: 13/28 MP: 3/3
   983 | D:2      | Found a faded altar of an unknown god.
  1039 | D:2      | Reached XP level 4. HP: 32/34 MP: 4/4
  1111 | D:2      | Reached skill level 3 in Fighting
  1711 | D:3      | Gained mutation: Your touch may inflict minor irresistible
                  | damage on your foes. [demonic ancestry]
  1711 | D:3      | Reached XP level 5. HP: 41/41 MP: 5/5
  1832 | D:3      | Noticed Ijyb
  1844 | D:3      | Killed Ijyb
  1997 | D:3      | Found an iron altar of Okawaru.
  1998 | D:3      | Found a snail-covered altar of Cheibriados.
  2005 | D:3      | Found a blossoming altar of Fedhas.
  2086 | D:3      | Reached skill level 5 in Short Blades
  2211 | D:4      | Noticed Robin
  2220 | D:4      | Killed Robin
  2265 | D:4      | Noticed Eustachio
  2323 | D:4      | Killed Eustachio
  2324 | D:4      | Reached skill level 4 in Fighting
  2324 | D:4      | Gained mutation: Your touch may inflict irresistible damage
                  | on your foes. [demonic ancestry]
  2324 | D:4      | Reached XP level 6. HP: 24/48 MP: 6/6
  2609 | D:4      | Found a staircase to the Ecumenical Temple.
  2634 | Temple   | Entered the Ecumenical Temple
  2715 | D:4      | Found a runed translucent door.
  2716 | D:4      | Noticed Crazy Yiuf
  2782 | D:4      | Found a burning altar of Makhleb.
  2805 | D:4      | Became a worshipper of Makhleb the Destroyer
  2859 | D:4      | Found an ornate altar of the Wu Jian Council.
  3016 | D:4      | Gained mutation: Spells you cast may paralyse adjacent
                  | enemies. [demonic ancestry]
  3016 | D:4      | Reached XP level 7. HP: 47/55 MP: 7/7
  3480 | D:4      | Killed Crazy Yiuf
  3691 | D:5      | Entered Level 5 of the Dungeon
  3778 | D:4      | Reached skill level 5 in Fighting
  4066 | D:5      | Reached skill level 5 in Dodging
  4158 | D:5      | Found an opulent altar of Gozag.
  4216 | D:5      | Noticed Pikel
  4231 | D:4      | Killed Pikel
  4232 | D:4      | Reached XP level 8. HP: 53/64 MP: 8/8
  4346 | D:5      | Reached skill level 6 in Fighting
  4450 | D:5      | Reached * piety under Makhleb
  4538 | D:5      | Noticed Duvessa
  4538 | D:5      | Noticed Dowan
  4555 | D:5      | Killed Duvessa
  4566 | D:5      | Killed Dowan
  5785 | D:7      | Reached skill level 7 in Fighting
  5845 | D:7      | Reached skill level 5 in Throwing
  5845 | D:7      | Gained mutation: Your touch may irresistibly damage your
                  | foes and sap their willpower. [demonic ancestry]
  5845 | D:7      | Reached XP level 9. HP: 49/72 MP: 9/9
  6200 | D:7      | Reached skill level 1 in Stealth
  6340 | D:7      | Found a shimmering blue altar of Sif Muna.
  6712 | D:8      | Noticed an unseen horror
  6718 | D:8      | Killed an unseen horror
  6768 | D:8      | Reached skill level 8 in Fighting
  6771 | D:8      | Reached skill level 5 in Stealth
  6825 | D:8      | Reached ** piety under Makhleb
  6828 | D:8      | Reached XP level 10. HP: 34/82 MP: 10/10
  7521 | D:8      | Reached skill level 1 in Axes
  7804 | D:8      | Reached skill level 9 in Fighting
  8030 | D:9      | Noticed Harold
  8040 | D:9      | Killed Harold
  8333 | D:9      | Noticed an orange demon
  8345 | D:9      | Killed an orange demon
  8348 | D:9      | Noticed Amaemon
  8349 | D:9      | Found Jiorut's Vocational Training.
  8359 | D:9      | Killed Amaemon
  8774 | D:9      | Noticed Prince Ribbit
  8805 | D:9      | Reached skill level 5 in Axes
  8836 | D:9      | Killed Prince Ribbit
  8837 | D:9      | Reached skill level 10 in Fighting
  9100 | D:9      | Reached *** piety under Makhleb
  9108 | D:9      | Gained mutation: You regenerate magic rapidly. [demonic
                  | ancestry]
  9108 | D:9      | Reached XP level 11. HP: 70/91 MP: 11/11
  9522 | D:10     | Entered Level 10 of the Dungeon
  9793 | D:10     | Noticed Psyche
  9795 | D:10     | Found a staircase to the Lair.
  9804 | D:10     | Killed Psyche
 10482 | D:10     | Reached skill level 1 in Evocations
 10704 | D:10     | Reached **** piety under Makhleb
 10828 | D:11     | Reached skill level 11 in Fighting
 10892 | D:11     | Found a gate leading to a gauntlet.
 10953 | Gauntlet | Entered a Gauntlet
 10953 | Gauntlet | Found a transporter.
 10963 | Gauntlet | Found a transporter.
 10977 | Gauntlet | Found a transporter.
 10981 | Gauntlet | Found a runed translucent door.
 10981 | Gauntlet | Noticed a sixfirhy
 10982 | Gauntlet | Noticed a sixfirhy
 10983 | Gauntlet | Found a transporter.
 10983 | Gauntlet | Found a runed translucent door.
 10983 | Gauntlet | Noticed a sixfirhy
 10986 | Gauntlet | Found a transporter.
 10999 | Gauntlet | Noticed a cacodemon
 11002 | Gauntlet | Found a transporter.
 11015 | Gauntlet | Found a transporter.
 11018 | Gauntlet | Noticed an orange crystal statue
 11026 | Gauntlet | Found a transporter.
 11042 | Gauntlet | Found a transporter.
 11048 | Gauntlet | Noticed a tengu warrior
 11055 | Gauntlet | Found a transporter.
 11057 | Gauntlet | Found a transporter.
 11097 | Gauntlet | Found a transporter.
 11111 | Gauntlet | Found a transporter.
 11126 | Gauntlet | Found a transporter.
 11521 | Gauntlet | Killed a tengu warrior
 11719 | Gauntlet | Noticed a tengu warrior
 11721 | Gauntlet | Killed an orange crystal statue
 11722 | Gauntlet | Reached skill level 5 in Evocations
 11735 | Gauntlet | Identified the +0 helmet "Dabomiun" {Str+5}
 11769 | Gauntlet | Noticed a minotaur
 11784 | Gauntlet | Killed a minotaur
 11918 | D:11     | Found a staircase to the Orcish Mines.
 11930 | D:11     | Found a roughly hewn altar of Beogh.
 12375 | D:11     | Reached skill level 1 in Armour
 12375 | D:11     | Gained mutation: Your movements are less encumbered by
                  | armour. (ER -4) [demonic ancestry]
 12375 | D:11     | Reached XP level 12. HP: 93/101 MP: 12/12
 12722 | D:12     | Found Kicled's Elemental Accessories.
 12750 | D:12     | Noticed a two-headed ogre
 12754 | D:12     | HP: 2/102 [fire elemental[a deep elf pyromancer] (14)]
 12755 | D:12     | Incinerated by a deep elf pyromancer

Illustrated notes

Levels and vault maps discovered:
D:1:      dpeg_arrival_arbitrary_b, layout_rooms
D:2:      layout_loops_ring, hellmonk_ecumenical_altar_inner_sanctum,
          minmay_misc_feat_rugged
D:3:      layout_rooms, fedhas_altar_3, nicolae_overflow_hidden_temple,
          uniq_ijyb
D:4:      layout_loops_ring, mainiacjoe_overflow_concentric_impassable,
          pf_just_have_faith, minmay_temple_entry_wispy,
          kennysheep_generic_room_11, uniq_robin, uniq_crazy_yiuf_cottage,
          uniq_eustachio
D:5:      layout_gridville, mainiacjoe_overflow_catwalk, minivault_5,
          uniq_duvessa, uniq_pikel
D:6:      layout_loops_ring
D:7:      layout_loops_ring, nicolae_overflow_crystal_walls,
          minmay_misc_feat_ornament, nicolae_titane
D:8:      layout_rooms, corexii_checkpoint, nicolae_nh_ransacked_shop
D:9:      layout_basic, nrook_loot_triangle, nicolae_shop_vocational,
          uniq_prince_ribbit1, uniq_amaemon, uniq_harold
D:10:     layout_cave_pools, hellmonk_lair_entry_icy, roderic_batcave,
          wad_rectangle_vault, uniq_psyche
D:11:     layout_cave_pods, minmay_orc_entry_temple_small,
          gauntlet_entry_generic
D:12:     layout_loops_cross, nicolae_elemental_shop, uniq_fannar
Temple:   zaba_magenta_temple

Skill      XL: |  1  2  3  4  5  6  7  8  9 10 11 12 |
---------------+-------------------------------------+-----
Short Blades   | 3 4 5 |  5.1
Fighting       | 3 4 5 7 8 10 11 | 11.8
Dodging        | 3 4 6 |  6.3
Throwing       | 5 |  5.1
Stealth        | 6 7 |  7.0
Axes           | 6 8 |  8.0
Evocations     | 6 |  6.0
Armour         | 1 2 |  2.6

Action                     |  1- 3 |  4- 6 |  7- 9 | 10-12 || total
---------------------------+-------+-------+-------+-------++-------
  Melee: Rapier            |   117 |   170 |    15 |       ||   302
         Touch             |       |    23 |    53 |    79 ||   155
         Short sword       |       |       |   255 |    28 ||   283
         War axe           |       |       |       |   312 ||   312
  Throw: Javelin           |       |     3 |     1 |     1 ||     5
         Throwing net      |       |     1 |     3 |     6 ||    10
    Use: Scroll            |     2 |     4 |     5 |     8 ||    19
         Potion            |     1 |       |     2 |    11 ||    14
   Stab: Sleeping          |       |     1 |     2 |    13 ||    16
         Held in net/web   |       |     1 |     2 |     3 ||     6
         Distracted        |       |       |       |     1 ||     1
 Armour: Leather armour    |    61 |   110 |   119 |   213 ||   503
         Troll leather arm |       |       |       |   109 ||   109
  Dodge: Dodged            |    68 |   123 |   148 |   265 ||   604

Table legend: (Time is in decaauts)
 A = Elapsed time spent in this place.
 B = Non-inter-level travel time spent in this place.
 C = Inter-level travel time spent in this place.
 D = Time resting spent in this place.
 E = Time spent auto-exploring this place.
 F = Levels seen in this place.
 G = Mean time per level.
                   A        B        C        D        E       F      G
               +--------+--------+--------+--------+--------+-----+--------+
         Total |  12712 |  12278 |    434 |   3380 |   6699 |  14 |  908.0 |
       Dungeon |  11814 |  11382 |    432 |   3013 |   6483 |  12 |  984.5 |
        Temple |      1 |      0 |      1 |      0 |      0 |   1 |    1.0 |
      Gauntlet |    895 |    895 |      0 |    367 |    216 |   1 |  895.0 |
               +--------+--------+--------+--------+--------+-----+--------+

Top non-repeatable levels by time:
     D:4: 1817 daAuts
     D:9: 1547 daAuts
     D:8: 1247 daAuts
    D:10: 1241 daAuts
     D:5: 1060 daAuts
    D:11: 1048 daAuts
     D:7: 987 daAuts
     D:2: 912 daAuts
Gauntlet: 895 daAuts
     D:1: 780 daAuts
     D:6: 581 daAuts
     D:3: 523 daAuts
    D:12: 66 daAuts
  Temple: 1 daAuts
